 Dungeon Crawl Stone Soup version 0.25-a0-302-g9f758675c1 (webtiles) character file.

Game seed: 13586815865274491654, levelgen mode: deterministic

6174 mopl the Jinx (level 10, -13/63 HPs)
             Began as a Demonspawn Enchanter on Dec 20, 2019.
             Was a Follower of Kikubaaqudgha.
             Killed from afar by a bullfrog (31 damage)
             ... with an exploding inner flame
             ... hexed by the player character
             ... on level 8 of the Dungeon.
             The game lasted 00:34:59 (9224 turns).

mopl the Jinx (Demonspawn Enchanter)                Turns: 9224, Time: 00:35:00

Health: -13/63     AC: 10    Str: 10    XL:     10   Next: 60%
Magic:  7/18       EV: 15    Int: 19    God:    Kikubaaqudgha [*.....]
Gold:   178        SH:  0    Dex: 13    Spells: 3/20 levels left

rFire    . . .     SeeInvis .   a - +0 dagger (venom)
rCold    . . .     Gourm    .   (no shield)
rNeg     . . .     Faith    .   D - +0 robe
rPois    .         Spirit   .   A - +0 helmet
rElec    .         Reflect  .   C - +1 cloak
rCorr    .         Harm     .   z - +0 pair of gloves
MR       .....                  (no boots)
Stlth    +++++.....             B - amulet of rage
HPRegen  0.20/turn              v - +3 ring of evasion
MPRegen  0.16/turn              I - ring of stealth

@: about to teleport, slowed, very slow
A: hooves 2, iridescent scales 2, powered by death 2, powered by pain 2
a: Receive Corpses, Renounce Religion, Evoke Berserk Rage


You were on level 8 of the Dungeon.
You worshipped Kikubaaqudgha.
Kikubaaqudgha was aware of your devotion.
You were hungry.

You visited 2 branches of the dungeon, and saw 10 of its levels.

You collected 425 gold pieces.
You spent 247 gold pieces at shops.

Inventory:

Hand Weapons
 a - a +0 dagger of venom (weapon)
 b - a +1 dagger of draining
 M - a +2 dagger of speed
Missiles
 j - 63 poisoned darts
 q - 4 throwing nets
 s - 2 atropa-tipped darts
 F - 5 boomerangs (quivered)
Armour
 z - a +0 pair of gloves (worn)
 A - a +0 helmet (worn)
 C - a +1 cloak (worn)
 D - a +0 robe (worn)
 J - a +0 buckler
Jewellery
 p - an uncursed amulet of the gourmand
 v - a +3 ring of evasion (left hand)
 B - an amulet of rage (around neck)
 E - an uncursed ring of poison resistance
 H - an uncursed ring of resist corrosion
 I - a ring of stealth (right hand)
Wands
 w - a wand of digging (6)
 y - a wand of paralysis (1)
 K - a wand of polymorph (8)
Scrolls
 c - a scroll of brand weapon {unknown}
 f - 3 scrolls of noise {unknown}
 g - a scroll of teleportation
 i - 9 scrolls of remove curse
 l - 2 scrolls of random uselessness {unknown}
 n - 3 scrolls of magic mapping {unknown}
 o - a scroll of fog {unknown}
 r - 3 scrolls of immolation
 t - a scroll of silence {unknown}
 G - a scroll of enchant armour {unknown}
 L - a scroll of fear {unknown}
 N - a scroll of enchant weapon {unknown}
Potions
 e - a potion of berserk rage {!q}
 h - 2 potions of resistance
 k - 2 potions of flight
 m - 2 potions of brilliance
 u - a potion of agility
 x - a potion of curing {unknown}
Comestibles
 d - 28 rations
 O - 3 chunks of flesh


   Skills:
 + Level 4.4 Short Blades
 - Level 1.7 Dodging
 * Level 9.4 Stealth
 + Level 0.5 Shields
 + Level 5.5 Spellcasting
 - Level 2.0 Conjurations
 * Level 9.5 Hexes
 + Level 3.9 Necromancy
 - Level 4.0 Ice Magic


You had 3 spell levels left.
You knew the following spells:

 Your Spells              Type           Power        Failure   Level  Hunger
a - Vampiric Draining     Necr           ###.......   7%          3    ##.....
b - Ensorcelled Hibernat  Hex/Ice        ####..       1%          2    None
c - Confuse               Hex            #####...     1%          3    ##.....
d - Tukima's Dance        Hex            #####...     1%          3    ##.....
e - Confusing Touch       Hex            #####.       1%          1    None
f - Corona                Hex            #####..      1%          1    None
g - Dazzling Flash        Conj/Hex       ####..       3%          3    ##.....
x - Animate Skeleton      Necr           N/A          2%          1    None

Your spell library contained the following spells:

 Spells                   Type           Power        Failure   Level  Hunger
 Pain                     Necr           ###.         2%          1    None
 Sublimation of Blood     Necr           ###.......   3%          2    None
 Gell's Gravitas          Tloc           #.........   34%         3    ##.....
 Metabolic Englaciation   Hex/Ice        ####......   21%         5    #####..
 Yara's Violent Unravell  Hex/Tmut       ###.......   43%         5    #####..
 Petrify                  Tmut/Erth      #.......     75%         4    ####...
 Iskenderun's Battlesphe  Conj/Chrm      #.......     91%         5    #####..
 Bolt of Magma            Conj/Fire/Erth #.........   94%         5    #####..
 Iron Shot                Conj/Erth      #.........   100%        6    #######
 Orb of Destruction       Conj           ##........   100%        7    #######
 Spellforged Servitor     Conj/Summ      #.........   100%        7    #######


Dungeon Overview and Level Annotations

Branches:
Dungeon (9/15)             Temple (1/1) D:7             Orc (0/2) D:9
   Lair: D:8-11

Altars:
Ashenzari
Cheibriados
Dithmenos
Elyvilon
Fedhas
Gozag
Hepliaklqana
Kikubaaqudgha
Makhleb
Nemelex Xobeh
Qazlal
Ru
Trog
Uskayaw
Wu Jian
Xom
Yredelemnul
Zin
The Shining One

Shops:
D:6 [   D:8 [   D:9 %

Annotations:
D:4 3 runed translucent doors, floatRand's ghost, amateur DsMo
D:8 Erica


Innate Abilities, Weirdness & Mutations

You have hoof-like feet.
You are mostly covered in iridescent scales. (AC +4)
You regenerate health from kills.
You sometimes gain power by taking damage.


Message History

The adder bites you but does no damage.
Unknown command.
Unknown command.
Casting: Corona (safe; 1% risk of failure)
Confirm with . or Enter, or press ? or * to list all spells.
Aiming: Vampiric Draining (safe; 7% risk of failure)
Press: ? - help, Shift-Dir - straight line, f/p - bullfrog
Aim: a bullfrog (softly glowing, inner flame) Flame seeps out of the bullfrog.
The bullfrog is moderately wounded.
You feel life coursing into your body.
The bullfrog is engulfed in blazing flames.
Flame seeps out of the bullfrog.
The bullfrog hits you.
* * * LOW HITPOINT WARNING * * *
The hound bites you but does no damage. The orc closely misses you.
The bullfrog is engulfed in blazing flames.
The bullfrog explodes!
The fiery explosion engulfs you!!
You die...
Kikubaaqudgha rasps: "You have failed me!
Welcome... death!"

# #. .# #.#.
###########.##.
#.#.
...............
...
..(.........#
#.
......ooo...# #
#.
......h@oo..#
#.#.
......So○§..#
#####.#.
.......§§§.....
........
...!......(.###
.#####.
.......%....#
#..##.
............#
#...W#
............#
##.##. #
..........[.#
#. #.# # # ##)


You could see a hound (inner flame), an orc priest (inner flame), an adder
(inner flame) and 5 orcs.

Vanquished Creatures
  2 two-headed ogres
  A troll (D:9)
  A hornet (D:9)
  2 hippogriffs (D:8)
  Sigmund (D:2)
  2 wraiths (D:8)
  A steam dragon (D:9)
  2 insubstantial wisps (D:9)
  5 ice beasts
  2 orc warriors (D:7)
  3 sky beasts (D:9)
  3 black bears
  2 ogres
  2 centaurs
  A big kobold (D:9)
  3 bullfrogs
  2 jellies
  A water moccasin skeleton (D:9)
  A wight (D:6)
  A scorpion (D:6)
  2 howler monkeys
  A bullfrog zombie (D:6)
  A centaur zombie (D:8)
  4 hounds
  3 orc priests
  11 orc wizards
  3 bullfrog skeletons
  Ijyb (D:4)
  6 worker ants
  A hound skeleton (D:9)
  12 gnolls
  11 adders
  A shadow imp (D:9)
  2 oozes
  2 adder zombies
  5 worms
  A dart slug (D:1)
  9 leopard geckos
  25 orcs
  5 giant cockroaches
  7 goblins
  2 hobgoblins
  8 jackals
  2 quokkas
  3 ball pythons
  2 bats (D:2)
  2 frilled lizards
  8 kobolds
  2 leopard gecko skeletons
  2 quokka skeletons
  4 rats
186 creatures vanquished.

Vanquished Creatures (collateral kills)
  An ogre (D:6)
  2 wights (D:6)
3 creatures vanquished.

Vanquished Creatures (others)
  2 dancing weapons (D:7)
2 creatures vanquished.

Grand Total: 191 creatures vanquished

Notes
Turn   | Place    | Note
-------+----------+-------------------------------------------
     0 | D:1      | mopl the Demonspawn Enchanter began the quest for the Orb.
     0 | D:1      | Reached XP level 1. HP: 13/13 MP: 3/3
   370 | D:1      | Gained mutation: You have large cloven feet. [demonic
                  | ancestry]
   370 | D:1      | Reached XP level 2. HP: 19/19 MP: 1/5
   374 | D:1      | Learned a level 2 spell: Ensorcelled Hibernation
   474 | D:1      | Reached skill level 3 in Stealth
  1689 | D:2      | Gained mutation: You regenerate a little health from kills.
                  | [demonic ancestry]
  1689 | D:2      | Reached XP level 3. HP: 17/24 MP: 3/6
  1694 | D:2      | Learned a level 3 spell: Confuse
  1837 | D:2      | Noticed a bullfrog
  1866 | D:2      | Killed a bullfrog
  1866 | D:2      | Reached skill level 1 in Ice Magic
  1866 | D:2      | Gained mutation: You are partially covered in iridescent
                  | scales. (AC +2) [demonic ancestry]
  1866 | D:2      | Reached XP level 4. HP: 8/30 MP: 2/8
  2094 | D:2      | Noticed Sigmund
  2162 | D:2      | Killed Sigmund
  2162 | D:2      | Reached skill level 4 in Stealth
  2162 | D:2      | Reached skill level 3 in Spellcasting
  2162 | D:2      | Reached skill level 4 in Hexes
  2162 | D:2      | Reached skill level 2 in Ice Magic
  2162 | D:2      | Gained mutation: You are mostly covered in iridescent
                  | scales. (AC +4) [demonic ancestry]
  2162 | D:2      | Reached XP level 5. HP: 15/35 MP: 6/10
  2500 | D:2      | Learned a level 3 spell: Tukima's Dance
  2977 | D:3      | Gained mutation: You regenerate health from kills. [demonic
                  | ancestry]
  2977 | D:3      | Reached XP level 6. HP: 41/41 MP: 4/11
  3455 | D:4      | Found a runed translucent gate.
  3455 | D:4      | Found a runed translucent gate.
  3455 | D:4      | Found a runed translucent gate.
  3455 | D:4      | Noticed floatRand's ghost (amateur DsMo)
  3893 | D:4      | Learned a level 3 spell: Dazzling Flash
  3998 | D:4      | Noticed Ijyb
  4030 | D:4      | Killed Ijyb
  4282 | D:5      | Entered Level 5 of the Dungeon
  4312 | D:5      | Reached XP level 7. HP: 42/46 MP: 9/12
  4349 | D:5      | Reached skill level 3 in Ice Magic
  4873 | D:5      | Reached skill level 4 in Spellcasting
  4873 | D:5      | Reached skill level 1 in Conjurations
  5022 | D:5      | Reached skill level 5 in Hexes
  5365 | D:6      | Reached skill level 5 in Stealth
  5411 | D:6      | Reached skill level 2 in Conjurations
  5411 | D:6      | Gained mutation: You sometimes gain a little power by
                  | taking damage. [demonic ancestry]
  5411 | D:6      | Reached XP level 8. HP: 43/52 MP: 6/14
  5461 | D:6      | Reached skill level 4 in Ice Magic
  5798 | D:6      | Reached skill level 5 in Spellcasting
  5871 | D:6      | Reached skill level 6 in Hexes
  5891 | D:6      | Found Ezxiz Leil's Antique Armour Shop.
  5895 | D:6      | Found a stormy altar of Qazlal.
  5932 | D:6      | Bought a glowing cloak for 247 gold pieces
  5984 | D:6      | Reached skill level 6 in Stealth
  6186 | D:6      | Found an opulent altar of Gozag.
  6315 | D:7      | Noticed a two-headed ogre
  6345 | D:7      | Reached skill level 1 in Short Blades
  6633 | D:7      | Killed a two-headed ogre
  6633 | D:7      | Reached skill level 2 in Short Blades
  6633 | D:7      | Reached skill level 7 in Stealth
  6633 | D:7      | Reached skill level 7 in Hexes
  6633 | D:7      | Gained mutation: You have hoof-like feet. [demonic
                  | ancestry]
  6633 | D:7      | Reached XP level 9. HP: 14/57 MP: 8/17
  6902 | D:7      | Found a blossoming altar of Fedhas.
  6972 | D:7      | Found a staircase to the Ecumenical Temple.
  7006 | Temple   | Entered the Ecumenical Temple
  7094 | Temple   | Became a worshipper of Kikubaaqudgha
  7498 | D:8      | Noticed Erica
  7583 | D:8      | Reached skill level 1 in Necromancy
  7588 | D:8      | Found Kuown's Antique Armour Shoppe.
  7616 | D:8      | Reached skill level 3 in Short Blades
  7730 | D:8      | Reached skill level 8 in Stealth
  7730 | D:8      | Reached skill level 8 in Hexes
  7847 | D:8      | Found a snail-covered altar of Cheibriados.
  7847 | D:8      | Found an opulent altar of Gozag.
  8042 | D:8      | Learned a level 1 spell: Confusing Touch
  8046 | D:9      | Noticed a troll
  8052 | D:9      | Found a staircase to the Orcish Mines.
  8088 | D:9      | Reached skill level 2 in Necromancy
  8093 | D:9      | Killed a troll
  8128 | D:9      | Reached * piety under Kikubaaqudgha
  8128 | D:9      | Identified Kikubaaqudgha's Catalogue of Black Arts
                  | (Kikubaaqudgha gifted it to you on level 9 of the Dungeon)
  8128 | D:9      | Received a gift from Kikubaaqudgha
  8136 | D:9      | Learned a level 3 spell: Vampiric Draining
  8187 | D:9      | Gained mutation: You sometimes gain power by taking damage.
                  | [demonic ancestry]
  8187 | D:9      | Reached XP level 10. HP: 47/63 MP: 10/18
  8328 | D:9      | Noticed a two-headed ogre
  8347 | D:9      | Killed a two-headed ogre
  8347 | D:9      | Reached skill level 3 in Necromancy
  8437 | D:9      | Reached skill level 9 in Hexes
  8448 | D:9      | Found Estrif Odoss's Food Shoppe.
  8491 | D:9      | Reached skill level 4 in Short Blades
  8621 | D:9      | Reached skill level 9 in Stealth
  8730 | D:9      | Learned a level 1 spell: Animate Skeleton
  9177 | D:8      | Found the +5 scythe "Finisher" {speed, eviscerate}
  9224 | D:8      | Killed from afar by a bullfrog

Levels and vault maps discovered:
D:1:      ncdulo_smallfort, layout_basic, serial_park_tiny_1,
          chequers_hall_statues_y
D:2:      layout_basic, minmay_fractal_squares_gapless_5, uniq_sigmund
D:3:      layout_loops_ring, chequers_serial_rivers_room_a
D:4:      layout_rooms, ebering_ghost_rock_garden, minmay_unequal, uniq_ijyb
D:5:      layout_cave_pods, first_ration, grunt_ministairs_10
D:6:      layout_rooms, lemuel_crystal_altar, serial_shops, shop_statue,
          serial_glass, glass_columns_a, glass_columns_a, glass_columns_a,
          item_on_display_a, minmay_strange_pillars, feat_on_display,
          minmay_strange_pillars, lemuel_tele_altar
D:7:      layout_gridville, fedhas_ov_isle_minmay, temple_hall, grunt_ogre_cave
D:8:      layout_basic, nicolae_overflow_hidden_temple, serial_shops,
          nicolae_shop_waterfront, minmay_guarded_unrand_finisher, uniq_erica
D:9:      layout_cross, orc_0_dummy, serial_shops, shop_fountains,
          hangedman_misty_isle
Temple:   eino_narrow_crystal_temple

Skill      XL: |  1  2  3  4  5  6  7  8  9 10 |
---------------+-------------------------------+-----
Stealth        | 3 4 5 7 8 9 |  9.4
Ice Magic      | 1 2 3 4 |  4.0
Spellcasting   | 3 4 5 |  5.5
Hexes          | 4 5 7 8 9 |  9.5
Conjurations   | 2 |  2.0
Short Blades   | 2 3 4 |  4.4
Necromancy     | 2 3 |  3.9
Dodging        | |  1.7
Shields        | |  0.5

Action                   |  1- 3 |  4- 6 |  7- 9 | 10-12 || total
-------------------------+-------+-------+-------+-------++-------
Melee: Dagger            |    82 |   134 |   363 |   127 ||   706
       Kick              |     7 |    23 |    92 |    25 ||   147
Throw: Dart              |    33 |    59 |    58 |       ||   150
       Boomerang         |       |       |       |     2 ||     2
 Cast: Corona            |    12 |     2 |     5 |     2 ||    21
       Ensorcelled Hiber |    11 |    33 |    52 |    17 ||   113
       Confuse           |       |     4 |    21 |    12 ||    37
       Dazzling Flash    |       |       |     9 |     4 ||    13
       Tukima's Dance    |       |       |    13 |       ||    13
       Animate Skeleton  |       |       |       |     3 ||     3
       Vampiric Draining |       |       |       |     1 ||     1
 Abil: Evoke Berserk Rag |       |       |     1 |     2 ||     3
Evoke: Wand              |       |       |     4 |     2 ||     6
  Use: Scroll            |       |     4 |     5 |     4 ||    13
       Potion            |       |       |     1 |       ||     1
 Stab: Sleeping          |     6 |    27 |    32 |    12 ||    77
       Confused          |       |     1 |    13 |     7 ||    21
       Distracted        |       |     1 |     1 |       ||     2
       Invisible         |       |       |     1 |     2 ||     3
       Paralysed         |       |       |     3 |       ||     3
  Eat: Chunk             |     3 |    11 |    33 |       ||    47
Armor: Robe              |    20 |    45 |   111 |    45 ||   221
Dodge: Dodged            |    56 |   114 |   309 |   103 ||   582

Table legend:
 A = Non-vault XP
 B = Vault XP
 C = Vault XP percentage of total XP
 D = Non-vault monster count
 E = Vault monster count
 F = Vault count percentage of total count
                 A         B        C        D         E       F
            +---------+---------+-------+---------+---------+-------
      Total |    7017 |    1803 |  20.4 |     171 |      18 |   9.5
            +---------+---------+-------+---------+---------+-------
        D:1 |      26 |       0 |   0.0 |      12 |       0 |   0.0
        D:2 |      32 |     310 |  90.6 |      13 |       4 |  23.5
        D:3 |     100 |       0 |   0.0 |      16 |       0 |   0.0
        D:4 |     170 |      71 |  29.5 |      18 |       3 |  14.3
        D:5 |     371 |      16 |   4.1 |      17 |       2 |  10.5
        D:6 |    1246 |       0 |   0.0 |      36 |       0 |   0.0
        D:7 |    1534 |     113 |   6.9 |      19 |       1 |   5.0
        D:8 |    1174 |     419 |  26.3 |      16 |       2 |  11.1
        D:9 |    2364 |     874 |  27.0 |      24 |       6 |  20.0
            +---------+---------+-------+---------+---------+-------
